[Event "*** Titled Tuesday Blitz"]
[Site "Chess.com"]
[Date "2021.03.02"]
[Round "10"]
[White "yuki_chess123"]
[Black "ZiggyStardust64"]
[Result "0-1"]
[WhiteElo "2278"]
[BlackElo "2628"]
[TimeControl "180+1"]
[EndTime "11:57:55 PST"]
[Termination "ZiggyStardust64 won by resignation"]

1. Nf3 d5 2. g3 Nc6 3. d4 Bf5 4. c3 e6 5. Bg2 Be7 6. Nbd2 Nf6 7. b4 Ne4 8. Bb2 a6 9. a4 Bf6 10. O-O h5 11. b5 Na5 12. Nxe4 Bxe4 13. Nd2 Bxg2 14. Kxg2 h4 15. f3 Qd7 16. g4 axb5 17. axb5 Qxb5 18. Ba3 h3+ 19. Kh1 Bg5 20. f4 Be7 21.
Bxe7 Kxe7 22. Rb1 Qc6 23. Qc1 Rh4 24. Qa3+ Qd6 25. Qxd6+ Kxd6 26. g5 g6 27. e3 Rhh8 28. Rf3 Ra6 29. Kg1 Kc6 30. Rg3 Nc4 31. Nxc4 dxc4 32.
Rf3 Ra2 33. Rf2 Ra3 34. Rc2 b5 35. Kf2 Rha8 36. Kg3 Rb3 37. Rbc1 Kd5 38. Kf3 c5 39. e4+ Kc6 40. dxc5 Rd8 41. Re2 Rd3+ 42. Re3 Kxc5 43. Rg1 Rxe3+ 44. Kxe3 Rxc3+ 45. Kd2 Rd3+ 46. Kc2 Rf3 47.
f5 exf5 0-1

[Event "*** Titled Tuesday Blitz"]
[Site "Chess.com"]
[Date "2021.03.02"]
[Round "10"]
[White "kuba2006"]
[Black "Savagelittlemole"]
[Result "0-1"]
[WhiteElo "2390"]
[BlackElo "2522"]
[TimeControl "180+1"]
[EndTime "11:57:55 PST"]
[Termination "Savagelittlemole won by checkmate"]

1. b3 e5 2. Bb2 Nc6 3. e3 a6 4.
Nf3 d6 5. d4 e4 6. Nfd2 d5 7. c4 Be6 8. Nc3 Nf6 9. cxd5 Bxd5 10. Nxd5 Qxd5 11. Bc4 Qg5 12. O-O Bd6 13. g3 h5 14. Qc2 Qg6 15. Kg2 h4 16. Rac1 Qf5 17. Rh1 h3+ 18. Kf1 O-O 19. f3 Rfe8 20. Rg1 Qh5 21. f4 Ng4 22. Qc3 Nxh2+ 23. Kf2 Ng4+ 24.
Ke1 Bb4 25. Qc2 Nxe3 26. Qb1 Ng2+ 27. Kf2 Bxd2 28. Rcd1 e3+ 29. Kf1 Qf3# 0-1

[Event "*** Titled Tuesday Blitz"]
[Site "Chess.com"]
[Date "2021.03.02"]
[Round "10"]
[White "delphin11"]
[Black "schondeln"]
[Result "0-1"]
[WhiteElo "2534"]
[BlackElo "2399"]
[TimeControl "180+1"]
[EndTime "11:57:55 PST"]
[Termination "schondeln won on time"]

1. d4 d5 2. c4 c6 3. Nf3 Nf6 4.
Nc3 dxc4 5. e4 b5 6. e5 Nd5 7. a4 e6 8. Ng5 h6 9. Nge4 b4 10.
Nb1 Ba6 11. Nbd2 c3 12. Nc4 Bxc4 13. Bxc4 cxb2 14. Bxb2 Nd7 15. O-O Be7 16. Qg4 g6 17.
a5 h5 18. Qf3 O-O 19. Rfc1 Rc8 20. Rc2 c5 21. Bxd5 exd5 22. Nxc5 Nxc5 23. dxc5 Rxc5 24. Rxc5 Bxc5 25. Rd1 Qxa5 26. Qxd5 Qb6 27. Rd2 Re8 28. g3 Bf8 29. h4 a5 30. Re2 Re6 31. Qd7 Qc6 32.
Qa7 a4 0-1

[Event "*** Titled Tuesday Blitz"]
[Site "Chess.com"]
[Date "2021.03.02"]
[Round "10"]
[White "bylavochka"]
[Black "Aslanov_Umid"]
[Result "0-1"]
[WhiteElo "2206"]
[BlackElo "2404"]
[TimeControl "180+1"]
[EndTime "11:57:55 PST"]
[Termination "Aslanov_Umid won on time"]

1. e4 c5 2. Nf3 d6 3. d4 cxd4 4. Nxd4 Nf6 5. Nc3 a6 6. f3 e5 7.
Nb3 Be6 8. Be3 Be7 9. Qd2 O-O 10. g4 Nc6 11. O-O-O b5 12. Nd5 Bxd5 13. exd5 Nb8 14.
Na5 Qc7 15. g5 Nfd7 16. Bd3 Nb6 17. Be4 Nc4 18. Nxc4 bxc4 19. h4 Nd7 20. h5 Rab8 21. c3 Qa5 22. a3 Rb3 23. Qc2 Rfb8 24. Bxh7+ Kh8 25. Bf5 Rxb2 26. Qxb2 Rxb2 27. Kxb2 Nc5 28. Bxc5 Qxc5 29. Be4 Bxg5 30. Rb1 Kg8 31. Ka2 Kf8 32.
Rb7 Qf2+ 33. Rb2 Qe3 0-1

[Event "*** Titled Tuesday Blitz"]
[Site "Chess.com"]
[Date "2021.03.02"]
[Round "10"]
[White "Unknown_IM"]
[Black "UCantHandleDenker"]
[Result "1-0"]
[WhiteElo "2398"]
[BlackElo "2518"]
[TimeControl "180+1"]
[EndTime "11:58:01 PST"]
[Termination "Unknown_IM won by checkmate"]

1. e4 c5 2. Nf3 d6 3. c3 Nf6 4.
Be2 g6 5. O-O Bg7 6. Bb5+ Bd7 7.
Bxd7+ Qxd7 8. Re1 O-O 9. d4 Qc7 10. h3 Rd8 11. Na3 a6 12. Bf4 Nc6 13. Rc1 Rac8 14.
Nc4 cxd4 15. cxd4 b5 16. Ne3 Qb7 17. Nf1 Na5 18. Ng3 d5 19. e5 Ne4 20. b3 Rxc1 21. Qxc1 Rc8 22. Qa3 Nc6 23. Nxe4 dxe4 24. Rxe4 Nb4 25.
Re2 Nd3 26. Bg5 f6 27. exf6 exf6 28. Re7 Qc6 29. Rxg7+ Kxg7 30. Qe7+ Kg8 31. Bxf6 Qc7 32. Qe6+ Kf8 33. g3 Re8 34. Qd5 Qc1+ 35. Kg2 Qc2 36. Qd6+ Kf7 37. Ng5+ Kg8 38. Qd5+ Kf8 39. Nxh7# 1-0

[Event "*** Titled Tuesday Blitz"]
[Site "Chess.com"]
[Date "2021.03.02"]
[Round "10"]
[White "Pantata007"]
[Black "Atco84"]
[Result "0-1"]
[WhiteElo "2242"]
[BlackElo "2401"]
[TimeControl "180+1"]
[EndTime "11:58:02 PST"]
[Termination "Atco84 won on time"]

1. d4 e6 2. c4 Bb4+ 3. Bd2 Bxd2+ 4.
Qxd2 f5 5. Nc3 Nf6 6. g3 O-O 7. Bg2 d6 8. Nf3 Qe7 9. O-O c6 10. Rfe1 d5 11. Ne5 Nbd7 12. Nxd7 Bxd7 13. f3 dxc4 14.
e4 Qb4 15. a3 Qa5 16. Qe2 b5 17.
f4 Rad8 18. exf5 exf5 19. Bxc6 Qb6 20. Bxd7 Qxd4+ 21. Qe3 Rxd7 22. Nxb5 Qxe3+ 23. Rxe3 Rd2 24. Rb1 a6 25. Nc3 Ng4 26. Re2 Rfd8 27. Rbe1 Nf6 28. Rxd2 Rxd2 29. Re2 Rd3 30. Kf2 h5 31. Ke1 h4 32. Rd2 Rf3 33. Rf2 Re3+ 34. Re2 Rxe2+ 35. Kxe2 h3 36. Kf3 Ng4 37. Nd5 Kf7 38. Ne3 Nxh2+ 39.
Kf2 Ng4+ 0-1

[Event "*** Titled Tuesday Blitz"]
[Site "Chess.com"]
[Date "2021.03.02"]
[Round "10"]
[White "vinniethepooh"]
[Black "frazier69"]
[Result "1-0"]
[WhiteElo "2702"]
[BlackElo "2568"]
[TimeControl "180+1"]
[EndTime "11:58:03 PST"]
[Termination "vinniethepooh won by resignation"]

1. d4 Nf6 2. c4 e6 3. Nc3 Bb4 4.
f3 d5 5. a3 Bxc3+ 6. bxc3 c5 7. cxd5 exd5 8. e3 O-O 9. Bd3 b6 10. Ne2 Re8 11. O-O Ba6 12. Ng3 Bxd3 13. Qxd3 Nc6 14.
Bb2 c4 15. Qd2 h5 16. Nh1 Re6 17. Rae1 b5 18. Nf2 a5 19. e4 Qe7 20. e5 Nh7 21.
Nh3 b4 22. Nf4 Qg5 23. Bc1 Rd8 24. axb4 axb4 25. cxb4 Na7 26. Nxe6 Qxd2 27. Bxd2 fxe6 28. Ra1 Nb5 29. Be3 Nf8 30. Ra5 Rb8 31. Kf2 Kf7 32.
Rfa1 Nc3 33. Bd2 Nb5 34. Ke3 c3 35. Be1 Ng6 36. Rxb5 Rxb5 37. Ra7+ Ne7 38. Bh4 g5 39. Bxg5 c2 40. Kd2 Rxb4 41. Kxc2 Rc4+ 42. Kd3 1-0

[Event "*** Titled Tuesday Blitz"]
[Site "Chess.com"]
[Date "2021.03.02"]
[Round "10"]
[White "eCztery"]
[Black "sau6on"]
[Result "1-0"]
[WhiteElo "2410"]
[BlackElo "2478"]
[TimeControl "180+1"]
[EndTime "11:58:04 PST"]
[Termination "eCztery won on time"]

1. e4 c5 2. Nf3 d6 3. d4 cxd4 4. Qxd4 Nc6 5. Bb5 Bd7 6. Bxc6 Bxc6 7. Nc3 h6 8. Be3 e5 9. Qd3 Nf6 10. O-O-O Be7 11. Kb1 O-O 12. g4 Nxg4 13. Rhg1 Nxe3 14. Qxe3 Kh7 15. Nxe5 Qa5 16. Nc4 Qc5 17. Qg3 Bf6 18.
Nxd6 Rad8 19. Nf5 g6 20. Rxd8 Rxd8 21. e5 Bxe5 22. Qh4 gxf5 23. Qxd8 Bg7 24. Qd3 1-0

[Event "*** Titled Tuesday Blitz"]
[Site "Chess.com"]
[Date "2021.03.02"]
[Round "10"]
[White "anon219"]
[Black "PSvidler"]
[Result "0-1"]
[WhiteElo "2859"]
[BlackElo "2928"]
[TimeControl "180+1"]
[EndTime "11:58:06 PST"]
[Termination "PSvidler won on time"]

1. e4 c5 2. Nf3 d6 3. d4 cxd4 4. Nxd4 Nf6 5. Nc3 a6 6. g3 g6 7.
Bg2 Bg7 8. O-O O-O 9. Nce2 Qc7 10. h3 Nc6 11. a4 Bd7 12. Be3 Rfc8 13. c3 Na5 14. Qc2 e5 15. Nf3 Nc4 16. Bg5 b5 17. axb5 axb5 18. b3 Na5 19. Rfd1 Be6 20. Nd2 Nd7 21.
Rab1 Nc6 22. Nf1 Nd4 23. Nxd4 exd4 24. Bf4 Qxc3 25. Qe2 Ne5 26. Qxb5 Rab8 27. Qa6 Qb4 28. Qa4 Bxb3 29. Qxb4 Rxb4 30. Nd2 Bxd1 31. Rxb4 Nd3 32.
Rb1 Bc2 33. Ra1 Nxf4 34. gxf4 Bh6 35. Nf3 d3 0-1

[Event "*** Titled Tuesday Blitz"]
[Site "Chess.com"]
[Date "2021.03.02"]
[Round "10"]
[White "Karla"]
[Black "Kislov_Oleg"]
[Result "1-0"]
[WhiteElo "2365"]
[BlackElo "2485"]
[TimeControl "180+1"]
[EndTime "11:58:06 PST"]
[Termination "Karla won by resignation"]

1. e4 c5 2. d4 cxd4 3. c3 dxc3 4. Nxc3 Nc6 5. Nf3 e6 6. Bc4 a6 7. O-O d6 8. Qe2 b5 9. Bb3 Ra7 10. Be3 Rd7 11. Rac1 Bb7 12. Nxb5 axb5 13. Qxb5 Qa8 14. Ba4 Nge7 15. Nd4 Rc7 16. Qb6 Kd7 17. Nb5 Rc8 18. Rfd1 d5 19. exd5 Nxd5 20. Nc3 Bd6 21. Nxd5 exd5 22.
Rxd5 Qxa4 23. Qxb7+ Rc7 24. Qb6 Ke6 25. Rxd6+ Kxd6 26. b3 Qg4 27. h3 Qc8 28. Bf4+ Kd7 29. Rd1+ Ke7 30. Bxc7 Qe6 31. Qc5+ Ke8 32. Bd6 Nd8 33. Qc7 f6 34. Ba3 Nf7 35. Qb8+ Nd8 36. Rxd8+ Kf7 1-0

[Event "*** Titled Tuesday Blitz"]
[Site "Chess.com"]
[Date "2021.03.02"]
[Round "10"]
[White "albi1999"]
[Black "InitiatingASC"]
[Result "1-0"]
[WhiteElo "2590"]
[BlackElo "2444"]
[TimeControl "180+1"]
[EndTime "11:58:09 PST"]
[Termination "albi1999 won by resignation"]

1. Nf3 Nf6 2. g3 g6 3. Bg2 Bg7 4. O-O O-O 5. c4 d6 6. b3 Nc6 7.
d4 e5 8. dxe5 dxe5 9. Ba3 Re8 10. Qxd8 Nxd8 11. Nc3 c6 12. Rad1 Bg4 13. h3 Bxf3 14.
exf3 Ne6 15. Ne2 Rad8 16. Bb2 Nd7 17. Rd2 Ndc5 18. Rfd1 a5 19. Bc3 Rxd2 20. Rxd2 Ra8 21. h4 h5 22. Kf1 Ra7 23. Ke1 b5 24. cxb5 cxb5 25. Kd1 b4 26. Bb2 a4 27. Kc2 a3 28.
Ba1 Rc7 29. Kb1 Bh6 30. Rd1 f6 31. Bh3 Kf7 32. Nc1 e4 33. f4 Ng7 34. Rd6 Ne8 35. Rb6 g5 36. fxg5 Bg7 37. gxf6 Bh6 38. Ne2 Nd3 39.
Be6+ Kf8 40. Bc4 Nxf2 41. f7 Rxf7 42. Bxf7 Be3 43. Rxb4 Kxf7 44. Bd4 Bc1 45. Bxf2 1-0

[Event "*** Titled Tuesday Blitz"]
[Site "Chess.com"]
[Date "2021.03.02"]
[Round "10"]
[White "j_coca"]
[Black "tomsishere"]
[Result "0-1"]
[WhiteElo "2351"]
[BlackElo "2510"]
[TimeControl "180+1"]
[EndTime "11:58:09 PST"]
[Termination "tomsishere won by resignation"]

1. f4 b6 2. Nf3 Bb7 3. e3 Nf6 4.
d4 c5 5. c3 e6 6. Bd3 Be7 7.
Nbd2 d5 8. O-O Nbd7 9. Ne5 Ne4 10. Qf3 Nxd2 11. Bxd2 Nf6 12. g4 c4 13. Bxc4 dxc4 14. Qxb7 Bd6 15. Qc6+ Ke7 16. Qxc4 Bxe5 17. fxe5 Nxg4 18.
e4 h5 19. h3 Nxe5 20. Bg5+ f6 21. dxe5 fxg5 22. Qb4+ Ke8 23. Rad1 Qc7 24. Qb5+ Ke7 25. Rf7+ Kxf7 26. Rd7+ Qxd7 27. Qxd7+ Kf8 28. Qxe6 Re8 29.
Qf5+ Kg8 30. e6 Re7 31. Qxg5 Rxe6 32. Qd5 Rh6 33. e5 Rg6+ 34. Kf2 Kh7 35. Kf3 Re7 36. Kf4 Rg1 37. Qd3+ g6 38. b4 Rf1+ 39. Qxf1 Rf7+ 40. Kg5 Rxf1 41. e6 Rf5+ 42. Kh4 Re5 0-1

[Event "*** Titled Tuesday Blitz"]
[Site "Chess.com"]
[Date "2021.03.02"]
[Round "10"]
[White "Blitzking642"]
[Black "tusplingher"]
[Result "0-1"]
[WhiteElo "2355"]
[BlackElo "2285"]
[TimeControl "180+1"]
[EndTime "11:58:09 PST"]
[Termination "tusplingher won by resignation"]

1. e4 c5 2. Nf3 g6 3. d4 cxd4 4. Nxd4 Nc6 5. c4 Nf6 6. Nc3 d6 7. Be2 Bg7 8. Be3 O-O 9. O-O Nxd4 10. Bxd4 Bd7 11. h3 Bc6 12. Qc2 Rc8 13. Rad1 a6 14. a4 Qa5 15. Rb1 b5 16. b4 Qd8 17. axb5 axb5 18. cxb5 Bxe4 19. Qd2 Bxb1 20. Rxb1 e5 21. Be3 d5 22. Bg5 d4 23. Na4 Ne4 24. Bxd8 Nxd2 25. Rd1 Ne4 26. Be7 Rfe8 27. Bc5 Ra8 28. Nb6 Ra2 29. Bf3 Nc3 30. Re1 e4 31. Nc4 Nxb5 32.
Rxe4 Rxe4 33. Bxe4 Nc3 34. Bd3 Ra8 35. Nd6 Be5 36.
g3 Ra1+ 37. Kg2 Rd1 38. Bc2 Rd2 39. Bb3 Bxd6 40. Bxd6 Ne4 41. Bc7 Rxf2+ 42. Kg1 Rb2 43.
Bd5 Nc3 0-1

[Event "*** Titled Tuesday Blitz"]
[Site "Chess.com"]
[Date "2021.03.02"]
[Round "10"]
[White "CzechmVIII"]
[Black "GUST_b"]
[Result "0-1"]
[WhiteElo "2253"]
[BlackElo "2371"]
[TimeControl "180+1"]
[EndTime "11:58:09 PST"]
[Termination "GUST_b won on time"]

1. e4 c5 2. Nf3 Nc6 3. Nc3 g6 4.
d4 cxd4 5. Nxd4 Bg7 6. Be3 Nf6 7. Bc4 O-O 8. Bb3 d6 9. f3 Bd7 10. h4 h5 11. Qd2 Nxd4 12. Bxd4 b5 13. O-O-O a5 14. e5 dxe5 15. Bxe5 Bc6 16. Qg5 Qb6 17. Qxg6 Qe3+ 18. Kb1 Qxe5 19. Rhe1 Qc5 20. Qg5 Qxg5 21. hxg5 Nd7 22. Rxe7 Nc5 23. Bd5 Bxd5 24. Nxd5 Rad8 25. Rc7 Ne6 26. Rb7 b4 27. b3 Nxg5 28. Ne7+ Kh7 29.
Rd3 Ne6 30. Rb5 Rxd3 31. Rxh5+ Bh6 32. cxd3 Nf4 33. Rh4 Ng6 34. Rh2 Nxe7 35. g4 Kg6 36. Rg2 Nd5 37. Re2 Rc8 38. Re4 Nc3+ 0-1

[Event "*** Titled Tuesday Blitz"]
[Site "Chess.com"]
[Date "2021.03.02"]
[Round "10"]
[White "Romadk"]
[Black "Artem_Koval"]
[Result "1-0"]
[WhiteElo "2370"]
[BlackElo "2226"]
[TimeControl "180+1"]
[EndTime "11:58:09 PST"]
[Termination "Romadk won on time"]

1. d4 Nf6 2. Nf3 d5 3. g3 c6 4. Bg2 Bg4 5. h3 Bxf3 6. Bxf3 Nbd7 7. O-O e5 8. dxe5 Nxe5 9. Bg2 Be7 10. c3 O-O 11.
Nd2 Re8 12. e4 dxe4 13. Nxe4 Nxe4 14. Bxe4 Bc5 15. Bf4 Qf6 16. h4 h6 17. b4 Rad8 18. Qb3 Bb6 19. Rae1 Nd3 20. Bxd3 Rxe1 21. Rxe1 Rxd3 22. Re8+ Kh7 23. Rb8 Rxc3 24. Qb1+ Qg6 25.
Qxg6+ Kxg6 26. Rxb7 Rc2 27. g4 Rd2 28. Bxd2 Bd4 29. Rc7 1-0

[Event "*** Titled Tuesday Blitz"]
[Site "Chess.com"]
[Date "2021.03.02"]
[Round "10"]
[White "ecwinslow"]
[Black "Mazanchenko_Dmitry"]
[Result "0-1"]
[WhiteElo "2221"]
[BlackElo "2118"]
[TimeControl "180+1"]
[EndTime "11:58:10 PST"]
[Termination "Mazanchenko_Dmitry won by resignation"]

1. e4 c5 2. Nf3 d6 3. d4 Nf6 4. Nc3 cxd4 5. Nxd4 Nc6 6. f3 e5 7. Nb3 Be6 8. Be3 d5 9. exd5 Nxd5 10. Nxd5 Bxd5 11. c4 Be6 12. Kf2 Be7 13. Nc5 Bc8 14. Qxd8+ Nxd8 15. Rd1 Ne6 16. Nxe6 Bxe6 17. b3 O-O 18. Be2 a5 19. a4 Rfd8 20. Rxd8+ Bxd8 21. Rd1 f6 22. Bd3 f5 23. Bc2 Kf7 24. Ke2 g6 25.
Bc5 Be7 26. Bxe7 Kxe7 27. Kd2 Rd8+ 28. Kc3 Rxd1 29. Bxd1 Kd6 30. b4 b6 31. c5+ bxc5 32.
bxa5 Bd5 33. Be2 Kc6 34. Bb5+ Kd6 35. a6 Kc7 36. a5 e4 37. fxe4 fxe4 38. g3 g5 39. Bc4 Bxc4 40. Kxc4 Kb8 0-1

[Event "*** Titled Tuesday Blitz"]
[Site "Chess.com"]
[Date "2021.03.02"]
[Round "10"]
[White "jacky72"]
[Black "eldur16"]
[Result "1-0"]
[WhiteElo "2700"]
[BlackElo "2561"]
[TimeControl "180+1"]
[EndTime "11:58:11 PST"]
[Termination "jacky72 won by resignation"]

1. d4 Nf6 2. c4 e6 3. Nf3 Bb4+ 4. Bd2 a5 5. Nc3 O-O 6. e3 d6 7. Be2 b6 8. O-O Bb7 9. b3 Nbd7 10. a3 Bxc3 11.
Bxc3 Ne4 12. Bb2 f5 13. Nd2 Ndf6 14. f3 Nxd2 15. Qxd2 Qe7 16. Bd3 c5 17. b4 Rfd8 18. Qc2 cxd4 19. exd4 d5 20. c5 axb4 21. axb4 bxc5 22.
dxc5 d4 23. c6 Rxa1 24. Rxa1 Bc8 25. b5 Nd5 26. Bxd4 Nb4 27. Qc4 Nxd3 28. b6 Nf4 29.
Bc5 Qg5 30. g3 Nh3+ 31. Kh1 Qd2 32. b7 Qb2 33. Bd4 Nf2+ 34. Kg2 Qd2 35. Bxf2 1-0

[Event "*** Titled Tuesday Blitz"]
[Site "Chess.com"]
[Date "2021.03.02"]
[Round "10"]
[White "enriquebutti"]
[Black "A-S-00"]
[Result "0-1"]
[WhiteElo "2190"]
[BlackElo "2399"]
[TimeControl "180+1"]
[EndTime "11:58:11 PST"]
[Termination "A-S-00 won by resignation"]

1. d4 Nf6 2. Nf3 g6 3. c4 Bg7 4. Nc3 d6 5. Bg5 O-O 6. e3 Nbd7 7. Be2 h6 8. Bh4 c5 9. O-O b6 10. Qc2 Bb7 11. Rfd1 Rc8 12. b3 cxd4 13. Nxd4 d5 14.
Bf3 Ne5 15. Bxf6 Nxf3+ 16. Nxf3 Bxf6 17. Rac1 e6 18. Qe2 Qe7 19. Nb5 a6 20. Nbd4 e5 21. Nc2 dxc4 22. bxc4 Rc5 23. Nd2 Qc7 24. Ne1 e4 25.
Nb3 Rc6 26. Nd4 Rd6 27. Rd2 Rc8 28. Nb3 Rc6 29. Rdc2 a5 30. Nd4 Rc5 31. Nb5 Qe7 32.
Rd1 Ba6 33. Nd6 R8c6 34. Rcd2 Bc3 35. Rd5 Rxd5 36. cxd5 Bxe2 37. dxc6 Bxd1 38. Nb5 Bxe1 39. c7 Qc5 0-1

[Event "*** Titled Tuesday Blitz"]
[Site "Chess.com"]
[Date "2021.03.02"]
[Round "10"]
[White "aljado"]
[Black "Rytenko_V"]
[Result "0-1"]
[WhiteElo "2147"]
[BlackElo "2372"]
[TimeControl "180+1"]
[EndTime "11:58:11 PST"]
[Termination "Rytenko_V won on time"]

1. e4 e6 2. d4 d5 3. e5 c5 4. c3 Qb6 5. Nf3 Bd7 6. a3 f6 7. b4 cxd4 8. cxd4 Bb5 9. Nc3 Bxf1 10.
Kxf1 Nc6 11. g3 Nge7 12. exf6 gxf6 13. Kg2 Nf5 14. Be3 h5 15. Qd3 Nxe3+ 16. Qxe3 Kf7 17.
Rae1 Ne7 18. Qf4 Bh6 19. Qh4 Ng6 20. Qxh5 Bd2 21. Nxd5 Qd6 22. Ng5+ Bxg5 23. Qe2 Qxd5+ 24. f3 Rac8 25. h4 Bxh4 26. gxh4 Nxh4+ 27. Kg3 Rcg8+ 0-1

[Event "*** Titled Tuesday Blitz"]
[Site "Chess.com"]
[Date "2021.03.02"]
[Round "10"]
[White "klimkoj"]
[Black "esapunov"]
[Result "1-0"]
[WhiteElo "2616"]
[BlackElo "2702"]
[TimeControl "180+1"]
[EndTime "11:58:13 PST"]
[Termination "klimkoj won by resignation"]

1. d4 Nf6 2. c4 g6 3. g3 Bg7 4. Bg2 O-O 5. Nf3 d6 6. O-O Nc6 7. Nc3 Bf5 8. b3 Ne4 9. Bb2 Nxc3 10. Bxc3 Be4 11. Qd2 d5 12. Rac1 e6 13. Rfd1 Re8 14.
Nh4 Bxg2 15. Nxg2 Ne7 16. Qc2 c6 17. e4 Qb6 18. c5 Qc7 19. e5 a5 20. f4 b6 21. Bb2 a4 22. b4 a3 23. Bc3 Reb8 24. Rb1 h5 25. Ne3 Qa7 26. Be1 Qa6 27. Kf2 Rb7 28. Qe2 Qa4 29. Qc2 Qa7 30. Rd3 Bf8 31. Rdb3 Qa4 32. Qd3 Nf5 33. Nc2 Qa6 34. Qxa6 Rxa6 35.
b5 cxb5 36. Rxb5 Ra4 37. Rxb6 Rba7 38. R1b4 Kg7 39. Rxa4 Rxa4 40. Bb4 Nxd4 41. Nxd4 Rxb4 42. Rxb4 Bxc5 43. Ra4 1-0

[Event "*** Titled Tuesday Blitz"]
[Site "Chess.com"]
[Date "2021.03.02"]
[Round "10"]
[White "Sven_Tica"]
[Black "WPWPWP-2015"]
[Result "1-0"]
[WhiteElo "2667"]
[BlackElo "2474"]
[TimeControl "180+1"]
[EndTime "11:58:13 PST"]
[Termination "Sven_Tica won on time"]

1. d4 Nf6 2. c4 c6 3. Nf3 d5 4.
Qc2 dxc4 5. Qxc4 Bf5 6. Nbd2 Nbd7 7. g3 e6 8. Bg2 Be7 9. O-O O-O 10. Qb3 b5 11. Ne5 Nxe5 12. dxe5 Nd7 13. Bxc6 Rc8 14. Bg2 Nxe5 15. Qxb5 Rc5 16. Qb7 Bg4 17. Nb3 Rc2 18. Bf4 Bf6 19. Rfd1 Qb6 20. Qxb6 axb6 21. f3 Bh5 22.
Rd2 Rfc8 23. Rad1 Rxd2 24. Rxd2 g5 25. Be3 Bg6 26. Bd4 Bg7 27. e4 Nc4 28. Rc2 e5 29. Bh3 Rc6 30. Bxb6 Rxb6 31. Rxc4 h5 32. Rc8+ Kh7 33.
Bf5 h4 34. g4 Rd6 35. Rc2 Rd1+ 36. Kg2 Bf8 37. Nd2 Ra1 38. Nc4 Bb4 39. Nxe5 Kg7 40.
Bxg6 fxg6 41. a3 Bd6 42. Nxg6 1-0

[Event "*** Titled Tuesday Blitz"]
[Site "Chess.com"]
[Date "2021.03.02"]
[Round "10"]
[White "VitaRasik"]
[Black "Galileo22"]
[Result "1-0"]
[WhiteElo "2549"]
[BlackElo "2439"]
[TimeControl "180+1"]
[EndTime "11:58:13 PST"]
[Termination "VitaRasik won by checkmate"]

1. e4 e6 2. d3 d5 3. Nd2 c5 4.
Ngf3 Nc6 5. g3 Nf6 6. Bg2 Be7 7.
O-O b6 8. Re1 Bb7 9. c3 Qc7 10.
a3 a6 11. e5 Nd7 12. d4 b5 13. Nf1 c4 14. Bg5 Bf8 15. h4 h6 16. Be3 Nb6 17. h5 O-O-O 18. N3d2 Be7 19. Qg4 Rdg8 20. Rab1 Qd8 21. Bf4 Kc7 22. Ne3 Bc8 23. Nc2 g6 24. Nb4 a5 25. Nxc6 Kxc6 26. b3 Kc7 27. bxc4 bxc4 28. hxg6 Rxg6 29. Qf3 Qd7 30. Rxb6 Kxb6 31. Nxc4+ Kc7 32. Nd6 Bf8 33. c4 dxc4 34. Qa8 Bxd6 35. Qxa5+ Kb8 36. exd6 e5 37. Rb1+ Bb7 38. Bxe5 f6 39.
Bf4 Rc8 40. Rxb7+ Qxb7 41. d7+ Rc7 42. d8=Q+ Qc8 43. Qaxc7# 1-0

[Event "*** Titled Tuesday Blitz"]
[Site "Chess.com"]
[Date "2021.03.02"]
[Round "10"]
[White "marvinguevara"]
[Black "publicaccountcze"]
[Result "1-0"]
[WhiteElo "2107"]
[BlackElo "2183"]
[TimeControl "180+1"]
[EndTime "11:58:13 PST"]
[Termination "marvinguevara won on time"]

1. e4 c5 2. d4 cxd4 3. c3 d3 4. Bxd3 d6 5. c4 Nf6 6. Nc3 Nc6 7. Be3 g6 8. f3 Bg7 9. Qd2 Be6 10. Nge2 Ne5 11. b3 Nxd3+ 12. Qxd3 Nd7 13. O-O Ne5 14. Qd2 O-O 15. Rac1 f5 16. Kh1 Kh8 17. Nd5 fxe4 18. fxe4 Ng4 19. Nef4 Bxd5 20. exd5 Nxe3 21. Qxe3 Be5 22.
Ne6 Rxf1+ 23. Rxf1 Qg8 24. Qg5 Qe8 25. g3 Kg8 26. Rf8+ Qxf8 27. Nxf8 Kxf8 28. h4 Kf7 29. h5 Rg8 30. h6 e6 31. Qg4 Re8 32. Qf3+ Bf6 33. g4 g5 34. dxe6+ Rxe6 35. Qxb7+ Re7 36. Qd5+ Kf8 37. Qxd6 Kf7 38. Qd5+ Kf8 39. Qf5 Re1+ 40. Kg2 Kf7 41. Qxh7+ Ke6 42. Qf5+ Ke7 43. h7 1-0

[Event "*** Titled Tuesday Blitz"]
[Site "Chess.com"]
[Date "2021.03.02"]
[Round "10"]
[White "Hikaru"]
[Black "Sibelephant"]
[Result "0-1"]
[WhiteElo "3228"]
[BlackElo "3084"]
[TimeControl "180+1"]
[EndTime "11:58:14 PST"]
[Termination "Sibelephant won by resignation"]

1. e4 e5 2. Nf3 Nc6 3. Bb5 a6 4.
Ba4 Nf6 5. d3 d6 6. c3 g6 7. O-O Bg7 8. Re1 O-O 9. h3 Bd7 10. Nbd2 Qe8 11. Bb3 Nh5 12. Nf1 Kh8 13. d4 f5 14. dxe5 dxe5 15. exf5 gxf5 16. Ng5 Rd8 17. Bf7 Rxf7 18. Qxh5 Kg8 19. Qxh7+ Kf8 20. Nxf7 Qxf7 21. Bh6 Bxh6 22. Qxh6+ Ke7 23. Qh4+ Ke6 24. Rad1 Qg7 25. Ne3 Rg8 26. g4 Ne7 27. Ng2 Bc6 28. Nf4+ Kf7 29. Nh5 Qh8 30. Kh2 f4 31. Rd4 Nf5 32.
Qf6+ Qxf6 33. Nxf6 Kxf6 34. Rc4 Nh4 35. Rd1 Rh8 36.
Kg1 Nf3+ 37. Kf1 Rxh3 38. Kg2 Ng5+ 39. Kf1 Rh1+ 40. Ke2 0-1

[Event "*** Titled Tuesday Blitz"]
[Site "Chess.com"]
[Date "2021.03.02"]
[Round "10"]
[White "Zkid"]
[Black "rasmussvane"]
[Result "1-0"]
[WhiteElo "2861"]
[BlackElo "2948"]
[TimeControl "180+1"]
[EndTime "11:58:14 PST"]
[Termination "Zkid won by resignation"]

1. e4 c6 2. d4 d5 3. exd5 cxd5 4.
Bd3 Nf6 5. c3 Nc6 6. Bf4 Bg4 7. Qb3 Qd7 8. Nd2 e6 9. Ngf3 Bd6 10.
Bxd6 Qxd6 11. O-O O-O 12. Rae1 Qc7 13. Ne5 Bf5 14. Bxf5 exf5 15. Re2 g6 16. f3 Rfe8 17. Rfe1 Kg7 18. Nd3 Rxe2 19. Rxe2 h5 20. Qd1 Re8 21.
Rxe8 Nxe8 22. Nf1 Nf6 23. Qd2 a5 24. Qf4 Qb6 25. Kf2 Qb5 26. Ke2 Qc4 27. Ne3 Qxa2 28.
Nxf5+ Kg8 29. Nd6 Kg7 30. g4 hxg4 31. fxg4 Nd8 32. g5 Nd7 33. Qg4 Ne6 34. h4 Qb1 35. Qf3 Nd8 36. Qxd5 Qc2+ 37. Ke3 Qh2 38. Ne8+ Kf8 39.
Qxd7 Ne6 40. Qd6+ 1-0

[Event "*** Titled Tuesday Blitz"]
[Site "Chess.com"]
[Date "2021.03.02"]
[Round "10"]
[White "Grieve72"]
[Black "korkmaz16"]
[Result "1-0"]
[WhiteElo "2534"]
[BlackElo "2411"]
[TimeControl "180+1"]
[EndTime "11:58:14 PST"]
[Termination "Grieve72 won by checkmate"]

1. d4 Nf6 2. Bg5 Ne4 3. Bf4 d5 4. e3 c5 5. Bd3 cxd4 6. exd4 Nf6 7. c3 e6 8. Nd2 Bd6 9. Bg5 O-O 10. Ngf3 Nbd7 11.
O-O b6 12. Qe2 Bb7 13. Ne5 Be7 14. f4 a6 15. Rf3 h6 16. Rh3 hxg5 17. fxg5 g6 18.
gxf6 Bxf6 19. Rf1 Nxe5 20. dxe5 Bg7 21. Nf3 b5 22. Qe3 b4 23. Ng5 bxc3 24. bxc3 Rc8 25. Qf4 Rxc3 26. Qh4 Qb6+ 27. Kh1 Rfc8 28. Qh7+ Kf8 29.
Rxf7+ Ke8 30. Qg8+ Bf8 31. Qxf8# 1-0

[Event "*** Titled Tuesday Blitz"]
[Site "Chess.com"]
[Date "2021.03.02"]
[Round "10"]
[White "XanoushX_X"]
[Black "PavelShkapenko"]
[Result "0-1"]
[WhiteElo "2479"]
[BlackElo "2665"]
[TimeControl "180+1"]
[EndTime "11:58:14 PST"]
[Termination "PavelShkapenko won by checkmate"]

1. d4 Nf6 2. c4 e6 3. Nc3 Bb4 4. Qc2 c5 5. dxc5 Bxc5 6. Nf3 Qb6 7. e3 Qc7 8. Bd3 b6 9. b3 Bb7 10. Bb2 a6 11. Ne4 Be7 12. Nxf6+ Bxf6 13. Bxf6 gxf6 14.
Qb2 Ke7 15. O-O-O Rg8 16. Rhg1 Rxg2 17. Rxg2 Bxf3 18. Rdg1 Bxg2 19. Rxg2 Nc6 20. Bxh7 b5 21. Bd3 Ne5 22. Qc2 bxc4 23. Bxc4 Rc8 24. f4 Nxc4 25. bxc4 d5 26. c5 Qa5 27. c6 Qb6 28. Qb3 Rxc6+ 29. Rc2 Rxc2+ 30. Kxc2 Qc6+ 31. Qc3 Qa4+ 32. Qb3 Qe4+ 33.
Qd3 Qg2+ 34. Qd2 Qe4+ 35. Qd3 f5 36. Qxe4 fxe4 37. Kc3 Kf6 38. Kb4 Kf5 39. a4 Kg4 40. Kc5 Kh3 41. f5 Kxh2 42. fxe6 fxe6 43. a5 Kg3 44.
Kb6 d4 45. exd4 e3 46. Kxa6 e2 47. Ka7 e1=Q 48. a6 Qb4 49. Ka8 Qxd4 50. a7 Qxa7+ 51. Kxa7 e5 52. Kb6 e4 53. Kc5 e3 54. Kd4 e2 55.
Ke3 e1=Q+ 56. Kd3 Kf4 57. Kc4 Qd2 58. Kc5 Ke4 59. Kc6 Qd5+ 60. Kc7 Qc5+ 61. Kb8 Qc6 62. Ka7 Qb5 63. Ka8 Kd5 64. Ka7 Kc6 65. Ka8 Qb7# 0-1